 Dungeon Crawl Stone Soup version 0.19-b1-3-g7dea586 (webtiles) character file.

141 tv1990 the Chopper (level 5, -4/41 HPs)
             Began as a Formicid Monk on Oct 28, 2016.
             Killed from afar by Mesmaeker13's ghost (6 damage)
             ... with a magic dart
             ... on level 4 of the Dungeon.
             The game lasted 00:08:51 (2314 turns).

tv1990 the Chopper (Formicid Monk)                  Turns: 2314, Time: 00:08:53

Health: -4/41      AC:  7    Str: 14 (15) XL:     5   Next: 48%
Magic:  5/5        EV: 10    Int: 11 (12) God:
Gold:   195        SH:  0    Dex: 12 (14) Spells: 0 memorised, 4 levels left

rFire  . . .     SeeInvis +     a - +0 hand axe
rCold  . . .     Gourm    +     h - +0 scale mail
rNeg   . . .     Faith    .     (no shield)
rPois  +         Spirit   .     (helmet unavailable)
rElec  .         Reflect  .     (no cloak)
rCorr  .         Harm     .     (no gloves)
MR     .....                    l - +0 pair of boots
Stlth  +.........               r - amulet of the gourmand
                                (no ring)
                                (no ring)

@: flying
A: permanent stasis, dig shafts and tunnels, four strong arms, antennae 3,
clever 1, poison resistance, wild magic 1
a: Dig, Shaft Self


You were on level 4 of the Dungeon.
You were not hungry.

You visited 1 branch of the dungeon, and saw 4 of its levels.

You collected 195 gold pieces.

Inventory:

Hand Weapons
 a - a +0 hand axe (weapon)
 n - a +0 hand crossbow of freezing
Missiles
 q - 3 javelins (quivered)
Armour
 b - a +0 robe
 h - a +0 scale mail (worn)
 l - a +0 pair of boots (worn)
Jewellery
 r - an amulet of the gourmand (around neck)
Scrolls
 i - a scroll of fog
 k - a scroll of identify
 o - a scroll of remove curse
Potions
 d - a potion of mutation
 f - a potion of flight
Comestibles
 c - 3 bread rations
 t - 2 chunks of flesh


   Skills:
 - Level 3.2 Fighting
 + Level 5.7 Axes
 - Level 2.6 Dodging
 - Level 2.4 Stealth


You had 4 spell levels left.
You didn't know any spells.

Dungeon Overview and Level Annotations

Branches:
Dungeon (4/15)
 Temple: D:4-7

Altars:
Cheibriados
Kikubaaqudgha
Makhleb
Qazlal

Annotations:
D:4 Mesmaeker13's ghost, novice HECj


Innate Abilities, Weirdness & Mutations

You are under a permanent stasis effect.
You can dig through walls and to a lower floor.
Your four strong arms can wield two-handed weapons with a shield.
You have a pair of large antennae on your head. (SInv)
Your mind is acute. (Int +2)
Your system is resistant to poisons. (rPois)
Your spells are a little harder to cast, but a little more powerful.


Message History

You hit the withered plant but do no damage. x2
Mesmaeker13's ghost hits you.
* * * LOW HITPOINT WARNING * * *
Mesmaeker13's ghost freezes you.
* * * LOW HITPOINT WARNING * * *
You closely miss Mesmaeker13's ghost.
Mesmaeker13's ghost is heavily damaged.
You hit the withered plant but do no damage. x2
Mesmaeker13's ghost barely misses you.
You closely miss Mesmaeker13's ghost.
Mesmaeker13's ghost is heavily damaged.
You hit the withered plant but do no damage.
You hit the withered plant. Mesmaeker13's ghost misses you.
You closely miss Mesmaeker13's ghost.
Mesmaeker13's ghost is heavily damaged.
You hit the withered plant.
You hit the withered plant but do no damage.
Mesmaeker13's ghost gestures at you while chanting.
The magic dart hits you!
You die...

##...## #.P....##
....P...# .PPP...#
#PP...## P###.....#
.....PWP.# ......P@.#
.._..##..# ...
#..############# #
#.$............###
......#########..>....
.....## #.......
#..... #....).. ......
#....... #.....
####....


You could see Mesmaeker13's ghost.

Vanquished Creatures
  Jessica (D:3)
  A gnoll (D:1)
  4 adders
  An ooze (D:2)
  A worm (D:3)
  2 dart slugs
  3 leopard geckos
  2 orcs (D:3)
  A ball python (D:1)
  5 bats
  A giant cockroach (D:1)
  4 goblins
  5 hobgoblins
  4 jackals (D:3)
  A quokka (D:3)
  3 frilled lizards
  10 kobolds
  4 rats
53 creatures vanquished.

Notes
Turn   | Place    | Note
-------+----------+-------------------------------------------
     0 | D:1      | tv1990 the Formicid Monk began the quest for the Orb.
     0 | D:1      | Reached XP level 1. HP: 18/18 MP: 1/1
   124 | D:1      | Reached XP level 2. HP: 19/24 MP: 2/2
   657 | D:1      | Reached skill level 4 in Axes
   657 | D:1      | Reached XP level 3. HP: 15/29 MP: 3/3
   882 | D:2      | Found a stormy altar of Qazlal.
   885 | D:2      | Found a faded altar of an unknown god.
   951 | D:2      | Reached XP level 4. HP: 34/35 MP: 4/4
   985 | D:2      | Found a snail-covered altar of Cheibriados.
   988 | D:2      | Found a stormy altar of Qazlal.
  1127 | D:2      | Reached skill level 5 in Axes
  1506 | D:3      | Noticed Jessica
  1526 | D:3      | Killed Jessica
  1526 | D:3      | Reached XP level 5. HP: 19/41 MP: 5/5
  1978 | D:3      | Found a burning altar of Makhleb.
  2273 | D:4      | Noticed Mesmaeker13's ghost (novice HECj)
  2277 | D:4      | Found an ancient bone altar of Kikubaaqudgha.
  2304 | D:4      | Gained mutation: Your spells are a little harder to cast, but a little more powerful. [potion of mutation]
  2304 | D:4      | Gained mutation: Your mind is acute. (Int +2) [potion of mutation]
  2304 | D:4      | Gained mutation: Your system is resistant to poisons. (rPois) [potion of mutation]
  2311 | D:4      | HP: 2/41 [Mesmaeker13's ghost (1)]
  2314 | D:4      | Killed from afar by Mesmaeker13's ghost

Skill      XL: |  1  2  3  4 |
---------------+-------------+-----
Axes           | 4 5 |  5.7
Fighting       | |  3.2
Dodging        | |  2.6
Stealth        | |  2.4

Action                   |  1- 3 |  4- 6 || total
-------------------------+-------+-------++-------
Melee: Hand axe          |    70 |   161 ||   231
 Abil: Dig               |     1 |       ||     1
  Use: Scroll            |     4 |     6 ||    10
       Potion            |       |     6 ||     6
  Eat: Chunk             |       |     3 ||     3
       Royal jelly       |       |     1 ||     1
Armor: Robe              |     6 |       ||     6
       Scale mail        |    21 |    70 ||    91
Dodge: Dodged            |    39 |    76 ||   115

Table legend:
 A = Turns spent in this place as a percentage of turns spent in the entire game.
 B = Non-inter-level travel turns spent in this place as a percentage of non-inter-level travel turns spent in the entire game.
 C = Inter-level travel turns spent in this place as a percentage of turns spent in this place.
 D = Turns resting spent in this place as a percentage of non-inter-level travel turns spent in this place.
 E = Turns spent auto-exploring this place as a percentage of non-inter-level travel turns spent in this place.
 F = Non-inter-level travel turns spent in this place divided by the number of levels of this place that you've seen.
                   A       B       C       D       E      F
               +-------+-------+-------+-------+-------+----------------------
         Total | 100.0 | 100.0 |   0.6 |   2.2 |  19.7 | 156.0
       Dungeon | 100.0 | 100.0 |   0.6 |   2.2 |  19.7 | 156.0
               +-------+-------+-------+-------+-------+----------------------

Table legend:
 A = Kills in this place as a percentage of kills in entire the game.
 B = Kills by you in this place as a percentage of kills by you in the entire game.
 C = Kills by friends in this place as a percentage of kills by friends in the entire game.
 D = Other kills in this place as a percentage of other kills in the entire game.
 E = Experience gained in this place as a percentage of experience gained in the entire game.
 F = Experience gained in this place divided by the number of levels of this place that you have seen.
                   A       B       C       D       E      F
               +-------+-------+-------+-------+-------+----------------------
         Total | 100.0 | 100.0 |  -nan |  -nan | 100.0 |  50.5
       Dungeon | 100.0 | 100.0 |  -nan |  -nan | 100.0 |  50.5
               +-------+-------+-------+-------+-------+----------------------

Vault maps used:
D:1:      saegor_arrival_simple_e, item_on_display_a
D:2:      chequers_temple_overflow_statue_of_worship, first_bread,
          ecumenical_altar_1, nicolae_qazlal_general_emergency
D:3:      old_standard_altar, grunt_ministairs_14, serial_park_tiny_1,
          moated_statue, minmay_goblin_kobold_house, uniq_jessica
D:4:      minmay_opposing_rooms, kiku_gazebo_garden_becter, serial_park_tiny_1
